Map: Lerilak Crest

Players

LilDicky

  • Race: Terran Terran
  • League: Diamond

Khaaaaaannnn - Winner!

  • Race: Zerg Zerg
  • League: Diamond

VOD

http://www.twitch.tv/tumescentpie

Description

Time

  • Played on: Dec. 7, 2015, 8:40 p.m.
  • Length: 8:39
Show
View Real Time Build Order
Export as new Build Order

LilDicky Terran 

Build Orders: Liberator Opening 

Get SALT Encoding   

  12  0:01  SCV  
  13  0:13  SCV  
  14  0:19  Supply Depot  
  14  0:25  SCV  
  15  0:38  Refinery  
  15  0:40  SCV  
  16  0:46  Barracks  
  16  0:53  SCV  
  17  1:05  SCV  
  18  1:17  SCV  
  19  1:24  Refinery  
  19  1:29  SCV  
  20  1:34  Supply Depot, Marine  
  21  1:41  Orbital Command  
  21  1:52  Factory  
  21  1:55  Marine  
  22  2:07  SCV  
  23  2:11  Supply Depot  
  24  2:19  SCV  
  24  2:22  Barracks Reactor  
  24  2:31  SCV  
  25  2:39  Armory  
  25  2:40  Starport  
  25  2:41  Factory Tech Lab  
  25  2:44  SCV  
  25  2:52  Supply Depot  
  25  2:56  SCV  
  25  2:58  Marine  
  26  2:59  Marine  
  28  3:08  SCV  
  29  3:21  Marine  
  29  3:22  Marine  
  29  3:26  Thor  
  37  3:31  Medivac  
  37  3:34  SCV  
  40  3:43  Marine  
  40  3:44  Supply Depot  
  40  3:47  Liberator  
  41  3:56  Marine  
  41  4:01  Marine  
  43  4:05  SCV  
  47  4:14  Marine  
  48  4:19  Marine  
  48  4:20  Siege Tank  
  48  4:21  SCV  
  53  4:28  Supply Depot  
  53  4:31  Marine  
  53  4:37  Marine  
  55  4:49  Marine  
  56  4:54  Marine  
  57  5:06  Thor  
  55  5:07  Marine  
  55  5:12  Marine  
  55  5:13  SCV  
  58  5:16  Medivac  
  60  5:25  Command Center, SCV, Marine  
  62  5:35  Liberator  
  47  6:13  Marine  
  45  6:19  Marine  
  45  6:20  Barracks  
  45  6:21  Barracks x2  
  45  6:23  Thor, Barracks  
  52  6:35  Marine  
  53  6:58  Command Center  
  53  7:01  SCV  
  54  7:04  Orbital Command  
  40  7:46  Marine x3  
  40  7:47  Marine  
  40  7:49  Refinery  
  44  7:52  SCV x2  
  44  7:54  Refinery  
  44  7:55  Barracks Tech Lab  
  44  7:56  Barracks Tech Lab  
  44  7:57  Medivac  
  46  8:04  Marine x3  
  46  8:05  Marine  
  56  8:14  Marine x2  
Show
View Real Time Build Order
Export as new Build Order

Khaaaaaannnn Zerg - Winner!

Build Orders: Hatch First 

Get SALT Encoding   

  12  0:01  Drone  
  13  0:09  Drone  
  14  0:17  Overlord  
  14  0:26  Extractor  
  14  0:28  Drone  
  14  0:32  Drone, Extractor  
  16  0:37  Drone  
  17  0:54  Drone  
  18  1:03  Hatchery  
  17  1:04  Drone  
  17  1:08  Extractor  
  17  1:11  Drone  
  18  1:22  Spawning Pool  
  17  1:26  Drone  
  17  1:30  Drone  
  19  1:38  Overlord  
  19  1:52  Drone  
  20  2:09  Metabolic Boost, Queen  
  20  2:11  Zergling x4  
  20  2:14  Queen  
  26  2:18  Drone  
  26  2:22  Drone  
  28  2:32  Drone x2  
  28  2:36  Drone  
  31  2:50  Queen  
  33  2:54  Queen  
  35  3:01  Drone  
  36  3:09  Overlord x2  
  36  3:15  Hatchery  
  35  3:30  Drone x5  
  35  3:32  Drone x4  
  35  3:33  Drone x2  
  46  3:35  Overlord  
  46  4:00  Extractor x2  
  46  4:02  Queen, Extractor  
  43  4:03  Queen  
  43  4:07  Overlord  
  47  4:11  Overlord  
  47  4:14  Drone x4  
  47  4:16  Spine Crawler  
  48  4:56  Drone x3  
  48  4:57  Drone x4  
  48  4:58  Roach Warren, Queen  
  48  4:59  Drone x3  
  59  5:05  Zergling x6  
  62  5:09  Drone x4  
  67  5:14  Drone  
  67  5:16  Extractor  
  67  5:18  Evolution Chamber  
  67  5:20  Evolution Chamber, Lair  
  67  5:21  Drone x4  
  66  5:24  Zergling x8  
  72  5:33  Zergling x4  
  64  6:03  Drone x5  
  64  6:04  Drone x2  
  70  6:06  Zerg Missile Weapons Level 1  
  70  6:07  Zerg Ground Armor Level 1  
  70  6:08  Drone x2  
  72  6:12  Extractor, Queen  
  73  6:19  Overlord x5  
  73  6:20  Glial Reconstitution  
  73  6:24  Hydralisk Den  
  72  6:26  Infestation Pit  
  69  6:34  Roach x3  
  69  6:36  Overlord x2  
  71  6:44  Drone  
  72  6:54  Overseer  
  72  6:55  Overseer  
  72  6:56  Ravager  
  72  7:00  Hydralisk x6, Muscular Augments  
  83  7:23  Roach x10  
  92  7:45  Ravager x2  
  92  7:46  Ravager x2  
  96  7:52  Roach  
  96  7:53  Roach x10  
  118  7:59  Drone  
  118  8:00  Queen  
  121  8:05  Hatchery  
  120  8:16  Hatchery  
  119  8:38  Extractor  
Tags
 
Add a new tag
Caveats
  • Supply blocks, unpowered buildings, or Contaminate may cause inaccurate times.
  • Supply counts are checked every 10 seconds.